 Dungeon Crawl Stone Soup version 0.22-a0-417-g1387785 (webtiles) character file.

89 Kairos the Chopper (level 4, -1/33 HPs)
             Began as a Demonspawn Gladiator on May 14, 2018.
             Slain by Kairos's ghost (5 damage)
             ... on level 3 of the Dungeon.
             The game lasted 00:02:27 (2470 turns).

Kairos the Chopper (Demonspawn Gladiator)           Turns: 2470, Time: 00:02:28

Health: -1/33      AC:  3    Str: 15    XL:     4   Next: 31%
Magic:  4/4        EV: 13    Int:  9    God:
Gold:   44         SH:  4    Dex: 15    Spells: 3/3 levels left

rFire    + + .     SeeInvis .   a - +0 war axe
rCold    + . .     Gourm    .   (no shield)
rNeg     . . .     Faith    .   b - +0 leather armour
rPois    .         Spirit   .   (helmet restricted)
rElec    .         Reflect  +   h - scarf {rC+ rF+}
rCorr    .         Harm     .   (no gloves)
MR       .....                  (no boots)
Stlth    +.........             j - +4 amulet of reflection
HPRegen  0.11/turn              l - ring of protection from cold
MPRegen  0.09/turn              p - ring of fire

@: no status effects
A: horns 1
a: no special abilities


You were on level 3 of the Dungeon.
You were not hungry.

You visited 1 branch of the dungeon, and saw 3 of its levels.

You collected 44 gold pieces.

Inventory:

Hand Weapons
 a - a +0 war axe (weapon)
Missiles
 d - 3 throwing nets (quivered)
Armour
 b - a +0 leather armour (worn)
 h - a scarf of resistance (worn)
Jewellery
 j - a +4 amulet of reflection (around neck)
 l - a ring of protection from cold (left hand)
 p - a ring of fire (right hand)
Scrolls
 g - 2 scrolls of identify {unknown}
 m - a scroll of noise {unknown}
 n - a scroll of fog {unknown}
 o - a scroll of random uselessness {unknown}
 r - a scroll of amnesia {unknown}
Potions
 c - a potion of cancellation {unknown}
 e - a potion of heal wounds {unknown}
 i - a potion of agility {unknown}
 k - 2 potions of mutation {unknown}
 q - a potion of lignification {unknown}
Comestibles
 f - 3 rations


   Skills:
 + Level 2.3 Fighting
 + Level 3.7 Axes
 + Level 1.8 Throwing
 + Level 1.0 Armour
 + Level 3.3 Dodging
 + Level 0.3 Stealth


You had 3 spell levels left.
You didn't know any spells.
Your spell library was empty.

Dungeon Overview and Level Annotations

Branches:
Dungeon (3/15)

Altars:
Cheibriados

Annotations:
D:3 Kairos's ghost, amateur DsGl


Innate Abilities, Weirdness & Mutations

You have a pair of small horns on your head.


Message History

Kairos's ghost (amateur Demonspawn Gladiator) comes into view.
Kairos's ghost turns its malevolent gaze towards you.
Kairos's ghost is nearby!
Kairos's ghost is nearby!
Found a ration, 22 arrows and 15 gold pieces.
Kairos's ghost whispers, "There is no future for you."
A leopard gecko comes into view.
There is a stone staircase leading down here.
Kairos's ghost whispers, "There is no future for you."
There is a stone staircase leading up here.
You hit Kairos's ghost but do no damage.
Kairos's ghost hits you.
You closely miss Kairos's ghost. Your headbutt misses Kairos's ghost.
Kairos's ghost shouts, "I was like you once."
Kairos's ghost barely misses you. Kairos's ghost hits you!
You hit Kairos's ghost but do no damage.
Kairos's ghost hits you!
* * * LOW HITPOINT WARNING * * *
Kairos's ghost hits you.
You die...

##.........#####.##
#..#.#.#.#..... ..#
#.............# .#
#.###.#..#.... ..
#.....#..#....#. ..
#####.#..# .... ###
#.#..# .. #.#..# .#
#.#@.###.# #.#.W....#
#.##...### #.####.#
#.# #.# # #.# #>#
.#### ###.####.# ....
. #.....##.# #..##..
#.###.##.#####....l.#


You could see Kairos's ghost.

Vanquished Creatures
  3 adders
  3 dart slugs
  3 leopard geckos (D:1)
  6 bats
  3 giant cockroaches (D:2)
  5 goblins
  7 hobgoblins
  7 jackals (D:2)
  A quokka (D:2)
  2 ball pythons
  3 kobolds
  7 rats
50 creatures vanquished.

Notes
Turn   | Place    | Note
-------+----------+-------------------------------------------
     0 | D:1      | Kairos the Demonspawn Gladiator began the quest for the Orb.
     0 | D:1      | Reached XP level 1. HP: 16/16 MP: 1/1
   158 | D:1      | Gained mutation: You have a pair of small horns on your head. [demonic ancestry]
   158 | D:1      | Reached XP level 2. HP: 18/22 MP: 2/2
  1475 | D:2      | Reached XP level 3. HP: 27/27 MP: 3/3
  1532 | D:2      | Found a snail-covered altar of Cheibriados.
  2004 | D:2      | Reached XP level 4. HP: 14/33 MP: 4/4
  2427 | D:3      | Reached skill level 1 in Armour
  2450 | D:3      | Noticed Kairos's ghost (amateur DsGl)
  2470 | D:3      | Slain by Kairos's ghost

Vault maps used:
D:1:      lightli_arrival_noodles
D:2:      overflow_temple_1_default
D:3:      serial_glass, glass_columns_b, glass_columns_a, glass_columns_a,
          glass_columns_c, glass_columns_a, glass_columns_c, glass_columns_a,
          glass_columns_a, glass_columns_a, glass_columns_c, glass_columns_c,
          glass_columns_b, glass_columns_b, glass_columns_b,
          due_unseen_surprise, item_on_display_a, item_on_display_a,
          item_on_display_a

Skill      XL: |  1  2  3  4 |
---------------+-------------+-----
Axes           | 3 |  3.7
Dodging        | 3 |  3.3
Armour         | 1 |  1.0
Fighting       | |  2.3
Throwing       | |  1.8
Stealth        | |  0.3

Action                   |  1- 3 |  4- 6 || total
-------------------------+-------+-------++-------
Melee: War axe           |   118 |    12 ||   130
       Headbutt          |    20 |       ||    20
  Eat: Chunk             |     3 |     2 ||     5
Armor: Leather armour    |    27 |     1 ||    28
Dodge: Dodged            |   107 |     6 ||   113
Block: Other             |    14 |       ||    14

Table legend:
 A = Spawn XP
 B = Non-spawn XP
 C = Spawn XP percentage of total XP
 D = Spawn monster count
 E = Non-spawn monster count
 F = Spawn count percentage of total count
 G = Total turns spent on level
                    A         B        C        D         E        F      G
               +---------+---------+-------+---------+---------+-------+---------
         Total |       0 |     128 |   0.0 |       0 |      50 |   0.0 |  2470
               +---------+---------+-------+---------+---------+-------+---------
           D:1 |       0 |      39 |   0.0 |       0 |      20 |   0.0 |  1470
           D:2 |       0 |      62 |   0.0 |       0 |      28 |   0.0 |   924
           D:3 |       0 |      27 |   0.0 |       0 |       2 |   0.0 |    76
               +---------+---------+-------+---------+---------+-------+---------
